AoeStats
← Elsalala

Four Lakes

509586154Analyzed
1v1 RM · 5d ago on Sep 27, 2026· 54m 40s· 2 players
Game mode
Random Map
Map size
Tiny (2 player)
Population
200
Speed
Normal
Resources
Standard
Victory
Conquest
Starting age
Dark Age
Ending age
Imperial Age
RankedLock teamsTeams togetherTeam positionsShared explorationLock speedFull tech treeHidden civsTurbo modeCheats
Victory
Defeat
🇳🇱 Britons · Netherlands
235
+19
🇵🇱 Malians · Poland
308
-19
Elsalala
4:46 Loom
20:48 Feudal Age
22:20 Wheelbarrow
22:33 Fishing Lines
22:57 Double-Bit Axe
23:41 Forging
23:22 Fletching
24:11 Gold Mining
23:47 Man-at-Arms
25:37 Stone Mining
31:27 Castle Age
30:02 Arson
32:41 Hand Cart
32:13 Town Watch
34:40 Squires
34:02 Pikeman
35:20 Bow Saw
35:44 Horse Collar
36:46 Gold Shaft Mining
36:16 Town Patrol
36:25 Gillnets
38:15 Iron Casting
37:37 Bodkin Arrow
38:43 Scale Mail Armor
38:44 Padded Archer Armor
38:50 Scale Barding Armor
40:06 Heavy Plow
40:39 Chain Mail Armor
44:05 Imperial Age
41:03 Elite Skirmisher
42:09 Husbandry
45:11 Conscription
47:45 Blast Furnace
50:05 Treadmill Crane
50:21 Murder Holes
50:30 Capped Ram
54:10 Chemistry
54:32 Bracer
mikikozielczyk79
5:57 Loom
8:58 Feudal Age
11:59 Man-at-Arms
22:32 Arson
22:51 Scale Mail Armor
25:11 Castle Age
23:54 Forging
26:50 Gold Mining
27:44 Crossbowman
31:33 Long Swordsman
33:23 Padded Archer Armor
33:14 Fletching
38:17 Leather Archer Armor
38:17 Thumb Ring
39:48 Bodkin Arrow
51:07 Imperial Age
51:43 Two-Handed Swordsman
Connection lost

Rejoining the realm…

Still unreachable

The connection could not be restored.

Session expired

The server has moved on; the page needs a fresh start.